Map: Galactic Process LE

Players

Nerchio - Winner!

  • Race: Zerg Zerg
  • League: Master

Revolver

  • Race: Zerg Zerg
  • League: Master

Event: DreamHack ZOWIE Open Valencia 2016

VOD

Have the link to the VOD?

Description

Time

  • Played on: July 14, 2016, 10:46 a.m.
  • Length: 5:06

All games in this series

Show
View Real Time Build Order
Export as new Build Order

Nerchio Zerg - Winner!

Build Orders: Hatch First 

Get SALT Encoding   

  12  0:00  Drone  
  13  0:12  Overlord  
  13  0:17  Drone  
  14  0:31  Drone x2  
  14  0:34  Drone  
  17  0:53  Hatchery  
  17  0:56  Drone  
  17  1:10  Spawning Pool  
  16  1:13  Drone  
  16  1:16  Drone  
  16  1:18  Extractor  
  17  1:21  Drone  
  18  1:29  Drone  
  19  1:38  Overlord  
  19  1:50  Drone  
  20  1:57  Queen  
  20  2:00  Zergling x2  
  23  2:04  Queen  
  23  2:05  Drone  
  26  2:11  Drone  
  28  2:15  Drone  
  28  2:19  Metabolic Boost  
  28  2:24  Drone  
  28  2:26  Drone  
  30  2:37  Hatchery  
  30  2:40  Drone  
  30  2:42  Drone  
  31  2:49  Baneling Nest  
  31  2:50  Drone  
  31  2:55  Overlord  
  31  2:58  Drone  
  31  3:00  Drone  
  33  3:09  Drone x3  
  36  3:14  Overlord  
  36  3:17  Zergling x4  
  38  3:20  Zergling x2  
  38  3:21  Zergling x2  
  38  3:23  Zergling x2  
  40  3:27  Zergling x2  
  40  3:34  Zergling x2  
  42  3:38  Zergling x2  
  42  3:41  Zergling x6  
  46  3:45  Zergling x2, Baneling  
  46  3:46  Zergling x6  
  50  3:53  Zergling x2  
  50  3:54  Zergling x2  
  52  3:57  Zergling x2  
  52  4:01  Zergling x2  
  52  4:02  Overlord  
  54  4:06  Baneling x3  
  54  4:07  Baneling x3  
  54  4:08  Zergling x2  
  55  4:14  Zergling x4  
  55  4:16  Overlord x2  
  57  4:24  Zergling x8  
  57  4:29  Zergling x2  
  57  4:30  Zergling x2  
  59  4:33  Zergling x4  
  59  4:39  Zergling x2  
  59  4:46  Roach Warren  
  59  4:47  Zergling x6  
Show
View Real Time Build Order
Export as new Build Order

Revolver Zerg 

Build Orders: Hatch First 

Get SALT Encoding   

  12  0:00  Drone  
  13  0:13  Overlord  
  13  0:17  Drone  
  14  0:32  Drone x2  
  16  0:36  Drone  
  17  0:52  Hatchery  
  17  0:55  Drone  
  17  0:59  Drone  
  18  1:10  Extractor  
  17  1:15  Spawning Pool  
  16  1:20  Drone  
  16  1:22  Drone  
  18  1:30  Drone  
  19  1:41  Overlord  
  19  1:51  Drone  
  20  2:02  Queen  
  20  2:03  Queen  
  20  2:05  Drone x2  
  26  2:12  Drone  
  26  2:15  Drone  
  28  2:25  Drone  
  28  2:26  Drone  
  30  2:33  Drone  
  31  2:39  Queen  
  33  2:44  Overlord  
  33  2:45  Drone  
  33  2:46  Lair  
  34  2:56  Drone x2  
  36  3:08  Spore Crawler  
  36  3:09  Drone x3  
  36  3:11  Drone x2  
  40  3:13  Overlord  
  40  3:14  Drone x2  
  40  3:18  Extractor  
  41  3:20  Extractor  
  41  3:26  Drone x2  
  43  3:34  Drone  
  43  3:35  Overlord  
  43  3:39  Evolution Chamber  
  43  3:44  Roach Warren  
  42  3:48  Drone  
  42  3:49  Drone x3  
  42  3:51  Extractor  
  42  3:52  Spire  
  42  3:53  Drone x2  
  46  4:10  Evolution Chamber  
  45  4:20  Evolution Chamber  
  45  4:24  Roach x8  
  54  4:28  Overlord  
  60  4:32  Overlord  
  60  4:37  Roach  
  60  4:39  Overlord  
  50  4:47  Ravager  

Tags
 
Add a new tag
Caveats
  • Supply blocks, unpowered buildings, or Contaminate may cause inaccurate times.
  • Supply counts are checked every 10 seconds.